 Dungeon Crawl Stone Soup version 0.26-a0-597-gb535b0901c (webtiles) character file.

Game seed: 8699945232794367068

5 Lanoc the Sneak (level 1, 0/16 HPs)
             Began as a Vine Stalker Delver on Sept 7, 2020.
             Succumbed to an adder's poison
             ... on level 3 of the Dungeon.
             The game lasted 00:00:35 (177 turns).

Lanoc the Sneak (Vine Stalker Delver)                Turns: 177, Time: 00:00:35

Health: 0/16       AC: 20    Str: 14    XL:     1   Next: 80%
Magic:  0/2        EV:  2    Int: 10    God:
Gold:   5          SH:  0    Dex: 15    Spells: 0/0 levels left

rFire    . . .     SeeInvis .   a - +0 falchion
rCold    . . .     Faith    .   (no shield)
rNeg     + + +     Spirit   +   (armour currently unavailable)
rPois    +         Reflect  .   (helmet currently unavailable)
rElec    .         Harm     .   (cloak currently unavailable)
rCorr    .         NoTele   +   (gloves currently unavailable)
MR       .....                  (boots currently unavailable)
Stlth    +++.......             (no amulet)
HPRegen  0.05/turn              (no ring)
MPRegen  0.08/turn              (no ring)

@: lethally poisoned (0 -> -8), tree-form
A: magic shield, no potion heal 3, rot immunity
a: no special abilities


You were on level 3 of the Dungeon.
You were a tree.
You visited 1 branch of the dungeon, and saw 3 of its levels.

You collected 5 gold pieces.

Inventory:

Hand Weapons
 a - a +0 falchion (weapon)
Armour
 b - a +0 leather armour (melded)
Wands
 g - a wand of digging (3)
Scrolls
 c - a scroll of fog
 d - a scroll of magic mapping
 e - a scroll of fear
Potions
 f - a potion of haste
 h - a potion of lignification


   Skills:
 + Level 2.9 Fighting
 - Level 1.7 Long Blades
 + Level 1.8 Dodging
 - Level 6.0 Stealth


You couldn't memorise any spells.
You didn't know any spells.
Your spell library was empty.

Dungeon Overview and Level Annotations

Branches:
Dungeon (5/15)
 Temple: D:4-7

Altars:


Innate Abilities, Weirdness & Mutations

((You have extremely sharp teeth.))
When hurt, damage is shared between your health and your magic reserves.
((Your bite disrupts and absorbs the magic of your enemies.))
Potions cannot restore your health.
You are immune to rotting.


Message History

The adder is almost dead.
You feel sick. The adder bites you but does no damage.
The adder barely misses you.
You miss the adder.
The adder is almost dead.
* * * LOW HITPOINT WARNING * * *
You feel sick. The adder bites you.
* * * LOW HITPOINT WARNING * * *
The adder barely misses you.
You closely miss the adder.
The adder is almost dead.
The adder bites you but does no damage.
It was a potion of lignification.
You turn into a tree.
Your +0 leather armour melds into your body.
Your roots penetrate the ground.
* * * LOW HITPOINT WARNING * * *
You feel sick.
The adder bites you but does no damage. x2
You hit the adder but do no damage.
The adder is almost dead.
You die...

##.# #...# #...#
# #...# ###.#
.####...###...
#...........##.#
..........S....#
#........♣..#
####...###.#
#...# .. #...#
## #...#
####.#####
#........#
#..#.##..#
###.(#.##..###


You could see an adder.

Vanquished Creatures
  A leopard gecko (D:3)
  An orc (D:4)
  A hobgoblin (D:3)
3 creatures vanquished.

Notes
Turn   | Place    | Note
-------+----------+-------------------------------------------
     0 | D:5      | Lanoc the Vine Stalker Delver began the quest for the Orb.
     0 | D:5      | Reached XP level 1. HP: 11/11 MP: 2/2
    49 | D:3      | You fall into a shaft and drop 1 floor!
    74 | D:4      | Noticed an orc wizard
   177 | D:3      | Succumbed to an adder's poison

Illustrated notes

Levels and vault maps discovered:
D:3:      layout_loops_cross, uniq_natasha, uniq_sigmund
D:4:      layout_loops_corners, uniq_eustachio, uniq_ijyb
D:5:      layout_rooms, tso_altar, gammafunk_temple_overflow_elements,
          minmay_temple_entry_arrows, uniq_menkaure

Action                   || total
-------------------------++-------
Melee: Falchion          ||    12
       Bite              ||     3
  Use: Potion            ||     1
 Stab: Sleeping          ||     3
Armor: Leather armour    ||     3
       Skin              ||     2
Dodge: Dodged            ||     8
       Rpst.: Falchion   ||     2

Table legend: (Time is in decaauts)
 A = Elapsed time spent in this place.
 B = Non-inter-level travel time spent in this place.
 C = Inter-level travel time spent in this place.
 D = Time resting spent in this place.
 E = Time spent auto-exploring this place.
 F = Levels seen in this place.
 G = Mean time per level.
                   A        B        C        D        E       F      G
               +--------+--------+--------+--------+--------+-----+--------+
         Total |    179 |    173 |      6 |      0 |    133 |   3 |   59.7 |
       Dungeon |    179 |    173 |      6 |      0 |    133 |   3 |   59.7 |
               +--------+--------+--------+--------+--------+-----+--------+

Top non-repeatable levels by time:
     D:3: 133 daAuts
     D:4: 42 daAuts
     D:5: 4 daAuts
